SR
FRANKLIN FIRE @ MOOSE JAW CANUCKS
08/18/2037
 
TOP OF THE 1ST
Franklin Fire batting - Pitching for Moose Jaw Canucks : RHP Rainer Letroit
Pitching: RHP Rainer Letroit
Batting: RHB Alois Malik 0-0: Ball
1-0: Called Strike
1-1: Ball
2-1: SINGLE (Groundball, 56, EV 102.5 MPH)
Batting: RHB Tucker Sanford 0-0: Called Strike
0-1: Ball
1-1: Ball
2-1: Ball
3-1: Grounds into double play, 6-4-3 (Groundball, 6, EV 105.0 MPH)
Batting: LHB Jorge Mateu 0-0: Called Strike
0-1: Ball
1-1: Foul Ball, location: 2F
1-2: Fly out, F7 (Flyball, 7S, EV 91.2 MPH)
Top of the 1st over - 0 runs, 1 hit, 0 errors, 0 left on base; Franklin 0 - Moose Jaw 0
BOTTOM OF THE 1ST
Moose Jaw Canucks batting - Pitching for Franklin Fire : LHP Tim Wallace
Pitching: LHP Tim Wallace
Batting: RHB Frank Tatum 0-0: Ground out 5-3 (Groundball, 5L, EV 83.1 MPH)
Batting: RHB Anastasio Oríz 0-0: Bunt for hit to 25 - play at first, batter OUT! 5-3
Batting: SHB Junya Furuya 0-0: Called Strike
0-1: Foul Ball, location: 2F
0-2: Foul Ball, location: 2F
0-2: Foul Ball, location: 2F
0-2: Ball
1-2: SINGLE (Line Drive, 89M, EV 100.0 MPH)
Batting: RHB Ambrose Watkins 0-0: Called Strike
0-1: Ball
1-1: Called Strike
1-2: Reached via error on a dropped throw from 2B, E3 (Groundball, 34, EV 105.0 MPH)
Junya Furuya to second
Batting: LHB Jiro Miyake 0-0: Ball
1-0: Called Strike
1-1: Called Strike
1-2: Ball
Passed Ball!
Junya Furuya to third
Ambrose Watkins to second
2-2: Fly out, F4 (Popup, 4MD, EV 65.6 MPH)
Bottom of the 1st over - 0 runs, 1 hit, 1 error, 2 left on base; Franklin 0 - Moose Jaw 0
TOP OF THE 2ND
Franklin Fire batting - Pitching for Moose Jaw Canucks : RHP Rainer Letroit
Batting: RHB Nick McGhee 0-0: Ball
1-0: Ball
2-0: Foul Ball, location: 2F
2-1: SINGLE (Groundball, 4MD, EV 111.9 MPH)
Batting: RHB Alejandro González 0-0: Ball
1-0: Ball
2-0: Foul Ball, location: 2F
2-1: SINGLE (Groundball, 4MD, EV 102.5 MPH)
Nick McGhee to second
Batting: LHB Bobby Verstraten 0-0: Ball
1-0: Fly out, F5 (Popup, 5L, EV 76.9 MPH)
Batting: RHB Dave Delaney 0-0: Ball
1-0: Ball
2-0: Foul Ball, location: 2F
2-1: Fielders Choice at 2nd, 4-6 (Groundball, 4M, EV 86.2 MPH)
Nick McGhee to third
Batting: RHB Gabriel De La Garza 0-0: Ball
1-0: Fielders Choice at 2nd, 5-4 (Groundball, 5, EV 78.1 MPH)
Top of the 2nd over - 0 runs, 2 hits, 0 errors, 2 left on base; Franklin 0 - Moose Jaw 0
BOTTOM OF THE 2ND
Moose Jaw Canucks batting - Pitching for Franklin Fire : LHP Tim Wallace
Batting: SHB Buretaua Taati 0-0: Swinging Strike
0-1: Foul Ball, location: 2F
0-2: Ball
1-2: Fly out, F3 (Popup, 3L, EV 66.9 MPH)
Batting: RHB Steve Womack 0-0: Foul Ball, location: 2F
0-1: Foul Ball, location: 2F
0-2: Ball
1-2: Strikes out swinging
Batting: RHB Alberto Menéndez 0-0: Ball
1-0: DOUBLE (Line Drive, 9LS, EV 99.4 MPH)
Batting: SHB Mauro Colón 0-0: Ball
1-0: Foul Ball, location: 2F
1-1: Foul Ball, location: 2F
1-2: Fly out, F8 (Flyball, 89M, EV 78.1 MPH)
Bottom of the 2nd over - 0 runs, 1 hit, 0 errors, 1 left on base; Franklin 0 - Moose Jaw 0
TOP OF THE 3RD
Franklin Fire batting - Pitching for Moose Jaw Canucks : RHP Rainer Letroit
Batting: SHB Millard Jones 0-0: Ball
1-0: Called Strike
1-1: Foul Ball, location: 2F
1-2: Ball
2-2: Ground out 3-1 (Groundball, 34S, EV 82.5 MPH)
Batting: RHB Alois Malik 0-0: Called Strike
0-1: Called Strike
0-2: Ball
1-2: Strikes out swinging
Batting: RHB Tucker Sanford 0-0: Called Strike
0-1: Ball
1-1: Called Strike
1-2: Foul Ball, location: 2F
1-2: Strikes out swinging
Top of the 3rd over - 0 runs, 0 hits, 0 errors, 0 left on base; Franklin 0 - Moose Jaw 0
BOTTOM OF THE 3RD
Moose Jaw Canucks batting - Pitching for Franklin Fire : LHP Tim Wallace
Batting: RHB Frank Tatum 0-0: Ball
1-0: Called Strike
1-1: Swinging Strike
1-2: Strikes out swinging
Batting: RHB Anastasio Oríz 0-0: Called Strike
0-1: SINGLE (Groundball, 6MD, EV 99.4 MPH)
Batting: SHB Junya Furuya 0-0: SINGLE (Groundball, 56, EV 90.0 MPH) (infield hit)
Anastasio Oríz to second
Batting: RHB Ambrose Watkins 0-0: Ball
Wild Pitch!
Anastasio Oríz to third
Junya Furuya to second
1-0: Ball
2-0: Fly out, F8 (Flyball, 8RS, EV 78.8 MPH)
Batting: LHB Jiro Miyake 0-0: Ground out 4-3 (Groundball, 4M, EV 96.2 MPH)
Bottom of the 3rd over - 0 runs, 2 hits, 0 errors, 2 left on base; Franklin 0 - Moose Jaw 0
TOP OF THE 4TH
Franklin Fire batting - Pitching for Moose Jaw Canucks : RHP Rainer Letroit
Batting: LHB Jorge Mateu 0-0: Ground out 6-3 (Groundball, 6M, EV 103.1 MPH)
Batting: RHB Nick McGhee 0-0: SINGLE (Groundball, 34D, EV 105.0 MPH)
Batting: RHB Alejandro González 0-0: Ball
1-0: Called Strike
Nick McGhee steals 2nd base
1-1: Called Strike
1-2: Ball
2-2: SINGLE (Line Drive, 9S, EV 106.9 MPH)
Nick McGhee to third
Batting: LHB Bobby Verstraten 0-0: Foul Ball, location: 2F
0-1: Ball
1-1: Called Strike
1-2: Strikes out swinging
Batting: RHB Dave Delaney 0-0: Called Strike
0-1: Called Strike
0-2: Strikes out swinging
Top of the 4th over - 0 runs, 2 hits, 0 errors, 2 left on base; Franklin 0 - Moose Jaw 0
BOTTOM OF THE 4TH
Moose Jaw Canucks batting - Pitching for Franklin Fire : LHP Tim Wallace
Batting: SHB Buretaua Taati 0-0: Foul Ball, location: 2F
0-1: Fly out, F7 (Flyball, 7, EV 96.2 MPH)
Batting: RHB Steve Womack 0-0: Ball
1-0: Ball
2-0: Called Strike
2-1: Ball
3-1: Foul Ball, location: 2F
3-2: Foul Ball, location: 2F
3-2: Fly out, F9 (Flyball, 9S, EV 90.6 MPH)
Batting: RHB Alberto Menéndez 0-0: Ball
1-0: Ball
2-0: Ball
3-0: Swinging Strike
3-1: Ground out 1-3 (Groundball, 13, EV 89.4 MPH)
Bottom of the 4th over - 0 runs, 0 hits, 0 errors, 0 left on base; Franklin 0 - Moose Jaw 0
TOP OF THE 5TH
Franklin Fire batting - Pitching for Moose Jaw Canucks : RHP Rainer Letroit
Batting: RHB Gabriel De La Garza 0-0: Ball
1-0: Foul Ball, location: 2F
1-1: Swinging Strike
1-2: Ball
2-2: Foul Ball, location: 2F
2-2: Strikes out swinging
Batting: SHB Millard Jones 0-0: Called Strike
0-1: Swinging Strike
0-2: Ball
1-2: Strikes out swinging
Batting: RHB Alois Malik 0-0: Foul Ball, location: 2F
0-1: Ground out 4-3 (Groundball, 34D, EV 105.0 MPH)
Top of the 5th over - 0 runs, 0 hits, 0 errors, 0 left on base; Franklin 0 - Moose Jaw 0
BOTTOM OF THE 5TH
Moose Jaw Canucks batting - Pitching for Franklin Fire : LHP Tim Wallace
Batting: SHB Mauro Colón 0-0: Foul Ball, location: 2F
0-1: Ball
1-1: Foul Ball, location: 2F
1-2: Ball
2-2: Strikes out swinging
Batting: RHB Frank Tatum 0-0: Ground out 4-3 (Groundball, 4, EV 82.5 MPH)
Batting: RHB Anastasio Oríz 0-0: Called Strike
0-1: Ball
1-1: Foul Ball, location: 2F
1-2: Ball
2-2: Ball
3-2: Strikes out looking
Bottom of the 5th over - 0 runs, 0 hits, 0 errors, 0 left on base; Franklin 0 - Moose Jaw 0
TOP OF THE 6TH
Franklin Fire batting - Pitching for Moose Jaw Canucks : RHP Rainer Letroit
Batting: RHB Tucker Sanford 0-0: Called Strike
0-1: Ball
1-1: Foul Ball, location: 2F
1-2: Ball
2-2: Ball
3-2: Strikes out swinging
Batting: LHB Jorge Mateu 0-0: Ball
1-0: Swinging Strike
1-1: SINGLE (Line Drive, 7LS, EV 110.0 MPH)
Batting: RHB Nick McGhee 0-0: Foul Ball, location: 2F
0-1: Ball
Jorge Mateu steals 2nd base
1-1: Ball
2-1: Ball
3-1: Called Strike
3-2: Strikes out swinging
Batting: RHB Alejandro González 0-0: Called Strike
0-1: Ball
1-1: DOUBLE (Groundball, 5L, EV 101.9 MPH)
Jorge Mateu scores
Batting: LHB Bobby Verstraten 0-0: Called Strike
0-1: Ball
1-1: Foul Ball, location: 2F
1-2: Ball
2-2: Ball
3-2: Base on Balls
Batting: RHB Dave Delaney 0-0: Called Strike
0-1: Ball
1-1: Fly out, F4 (Popup, 4D, EV 47.5 MPH)
Top of the 6th over - 1 run, 2 hits, 0 errors, 2 left on base; Franklin 1 - Moose Jaw 0
BOTTOM OF THE 6TH
Moose Jaw Canucks batting - Pitching for Franklin Fire : LHP Tim Wallace
Batting: SHB Junya Furuya 0-0: Ball
1-0: Ground out 4-3 (Groundball, 4, EV 85.0 MPH)
Batting: RHB Ambrose Watkins 0-0: Foul Ball, location: 2F
0-1: Called Strike
0-2: Ball
1-2: Ball
2-2: Ball
3-2: Ground out 4-3 (Groundball, 4, EV 85.6 MPH)
Batting: LHB Jiro Miyake 0-0: Ball
1-0: Fly out, F7 (Flyball, 7, EV 84.4 MPH)
Bottom of the 6th over - 0 runs, 0 hits, 0 errors, 0 left on base; Franklin 1 - Moose Jaw 0
TOP OF THE 7TH
Franklin Fire batting - Pitching for Moose Jaw Canucks : RHP Rainer Letroit
Pitching: RHP Karel Vandemeulbroucke
Batting: RHB Gabriel De La Garza 0-0: Foul Ball, location: 2F
0-1: Ball
1-1: DOUBLE (Line Drive, 89D, EV 106.9 MPH)
Pinch Runner at 2nd Zak Makepeace:
Batting: SHB Millard Jones 0-0: Ball
1-0: Called Strike
1-1: Swinging Strike
1-2: Ball
2-2: Strikes out swinging
Batting: RHB Alois Malik 0-0: Ball
1-0: Ball
2-0: Ball
3-0: Base on Balls
Batting: RHB Tucker Sanford 0-0: Ball
1-0: Foul Ball, location: 2F
1-1: Foul Ball, location: 2F
1-2: Foul Ball, location: 2F
1-2: Ball
2-2: Ball
3-2: Fly out, F9 (Flyball, 9LS, EV 91.9 MPH)
Batting: LHB Jorge Mateu 0-0: Ball
1-0: SINGLE (Groundball, 34D, EV 100.6 MPH)
Zak Makepeace to third
Alois Malik to second
Runner from 3rd tries for Home, SAFE, throw by RF to home
Batting: RHB Nick McGhee 0-0: Ball
1-0: Swinging Strike
1-1: Called Strike
1-2: Foul Ball, location: 2F
1-2: Foul Ball, location: 2F
1-2: Strikes out swinging
Top of the 7th over - 1 run, 2 hits, 0 errors, 2 left on base; Franklin 2 - Moose Jaw 0
BOTTOM OF THE 7TH
Moose Jaw Canucks batting - Pitching for Franklin Fire : LHP Tim Wallace
Now at SS: Zak Makepeace
Batting: SHB Buretaua Taati 0-0: Swinging Strike
0-1: Fly out, F7 (Flyball, 7, EV 91.2 MPH)
Batting: RHB Steve Womack 0-0: Ball
1-0: Called Strike
1-1: Foul Ball, location: 2F
1-2: Ball
2-2: Strikes out swinging
Batting: RHB Alberto Menéndez 0-0: Ball
1-0: Called Strike
1-1: Ball
2-1: Ball
3-1: Fly out, F8 (Flyball, 8RM, EV 90.6 MPH)
Bottom of the 7th over - 0 runs, 0 hits, 0 errors, 0 left on base; Franklin 2 - Moose Jaw 0
TOP OF THE 8TH
Franklin Fire batting - Pitching for Moose Jaw Canucks : RHP Karel Vandemeulbroucke
Batting: RHB Alejandro González 0-0: Ball
1-0: Called Strike
1-1: Foul Ball, location: 2F
1-2: Strikes out swinging
Batting: LHB Bobby Verstraten 0-0: Fly out, F8 (Flyball, 8LD, EV 87.5 MPH)
Batting: RHB Dave Delaney 0-0: Ball
1-0: Foul Ball, location: 2F
1-1: SINGLE (Groundball, 56D, EV 99.4 MPH)
Batting: LHB Zak Makepeace 0-0: Ball
1-0: Called Strike
1-1: Ball
2-1: Ball
3-1: Swinging Strike
3-2: Foul Ball, location: 2F
3-2: Base on Balls
Dave Delaney to second
Pitching: RHP Jaime Amaya
Batting: SHB Millard Jones 0-0: Called Strike
0-1: SINGLE (Groundball, 6M, EV 104.4 MPH) (infield hit)
Dave Delaney to third
Zak Makepeace to second
Batting: RHB Alois Malik 0-0: Called Strike
0-1: Ball
1-1: Foul Ball, location: 2F
1-2: Ball
2-2: Strikes out looking
Top of the 8th over - 0 runs, 2 hits, 0 errors, 3 left on base; Franklin 2 - Moose Jaw 0
BOTTOM OF THE 8TH
Moose Jaw Canucks batting - Pitching for Franklin Fire : LHP Tim Wallace
Batting: SHB Mauro Colón 0-0: SOLO HOME RUN (Flyball, 89XD, EV 98.1 MPH), Distance : 405 ft
Batting: RHB Frank Tatum 0-0: Called Strike
0-1: Foul Ball, location: 2F
0-2: Ball
1-2: Strikes out swinging
Batting: RHB Anastasio Oríz 0-0: Called Strike
0-1: Ball
1-1: Ball
2-1: Fly out, F4 (Line Drive, 4, EV 66.9 MPH)
Batting: SHB Junya Furuya 0-0: Called Strike
0-1: Swinging Strike
0-2: Ball
1-2: Strikes out swinging
Bottom of the 8th over - 1 run, 1 hit, 0 errors, 0 left on base; Franklin 2 - Moose Jaw 1
TOP OF THE 9TH
Franklin Fire batting - Pitching for Moose Jaw Canucks : RHP Jaime Amaya
Batting: RHB Tucker Sanford 0-0: Swinging Strike
0-1: Foul Ball, location: 2F
0-2: Ball
1-2: Ball
2-2: Ball
3-2: Ground out 6-3 (Groundball, 6, EV 83.8 MPH)
Batting: LHB Jorge Mateu 0-0: Fly out, F8 (Flyball, 8RS, EV 79.4 MPH)
Batting: RHB Nick McGhee 0-0: Called Strike
0-1: Ball
1-1: Ball
2-1: Swinging Strike
2-2: Ball
3-2: Foul Ball, location: 2F
3-2: Strikes out swinging
Top of the 9th over - 0 runs, 0 hits, 0 errors, 0 left on base; Franklin 2 - Moose Jaw 1
BOTTOM OF THE 9TH
Moose Jaw Canucks batting - Pitching for Franklin Fire : LHP Tim Wallace
Pitching: RHP Aubrey Swanson
Now at 1B: Andrew Kuwuki
Batting: RHB Ambrose Watkins 0-0: Called Strike
0-1: SINGLE (Groundball, 4D, EV 100.6 MPH)
Batting: LHB Jiro Miyake 0-0: Called Strike
0-1: Ball
1-1: Called Strike
1-2: Strikes out swinging
Pinch Hitting: RHB Juan Vázquez 0-0: Fly out, F9 (Flyball, 9, EV 96.2 MPH)
Batting: RHB Steve Womack 0-0: Called Strike
0-1: Ball
1-1: Ball
2-1: Foul Ball, location: 2F
2-2: Foul Ball, location: 2F
2-2: Ball
3-2: Foul Ball, location: 2F
3-2: Base on Balls
Ambrose Watkins to second
Batting: RHB Alberto Menéndez 0-0: Ball
1-0: Swinging Strike
1-1: Foul Ball, location: 2F
1-2: Foul Ball, location: 2F
1-2: Strikes out swinging
Bottom of the 9th over - 0 runs, 1 hit, 0 errors, 2 left on base; Franklin 2 - Moose Jaw 1
Thursday, January 23rd, 2020 - OOTP Baseball 20.8 Build 74